 Dungeon Crawl Stone Soup version 0.31.0-11-ge490571c62 (webtiles) character file.

Game seed: 17904424042083585654

217 gelatine the Ruffian (level 5, -3/48 HPs)
             Began as a Troll Shapeshifter on Jan 28, 2024.
             Slain by an ogre
             ... wielding a +0 giant spiked club
              (17 damage)
             ... on level 3 of the Dungeon.
             The game lasted 00:04:43 (2630 turns).

gelatine the Ruffian (Troll Shapeshifter)           Turns: 2630, Time: 00:04:43

Health: -3/48      AC:  4    Str: 24    XL:     5   Next: 61%
Magic:  4/4        EV: 10    Int:  6    God:
Gold:   111        SH:  5    Dex:  9    Spells: 4/4 levels left

rFire   . .          .
                       - Unarmed
rCold   . . .        (no shield)
rNeg    . . .        a - +0 animal skin
rPois   .            (helmet currently unavailable)
rElec   .            (cloak currently unavailable)
rCorr   .            (gloves unavailable)
SInv    .            (boots unavailable)
Will    .....        q - amulet of reflection
Stlth   +            (no ring)
HPRegen 1.08/turn    (no ring)
MPRegen 0.09/turn

%: reflection
@: beast-form
A: beast (slay +2), large, unfitting armour, claws 3, regeneration 1, shaggy fur
1, tough skin 1
a: Begin Untransformation


You were on level 3 of the Dungeon.
You were a hulking beast.
You visited 1 branch of the dungeon, and saw 4 of its levels.

You collected 171 gold pieces.
You spent 60 gold pieces at shops.

Inventory:

Armour
 a - a +0 animal skin (worn)
Jewellery
 q - an amulet of reflection (around neck)
Talismans
 c - a beast talisman
 d - a flux talisman
Wands
 p - a wand of paralysis (11)
Scrolls
 e - 4 scrolls of poison
 g - a scroll of teleportation
 h - a scroll of immolation
 i - a scroll of vulnerability {unknown}
 m - a scroll of summoning
 n - a scroll of noise {unknown}
 o - a scroll of blinking {unknown}
 r - a scroll of identify
Potions
 b - 2 potions of lignification
 f - 3 potions of enlightenment
 j - a potion of cancellation
 k - a potion of magic
 l - a potion of ambrosia


   Skills:
 * Level 1.6 Fighting
 + Level 2.2 Dodging
 + Level 0.3 Stealth
 + Level 4.8 Unarmed Combat
 * Level 3.9 Shapeshifting


You had 4 spell levels left.
You didn't know any spells.
Your spell library was empty.

Dungeon Overview and Level Annotations

Branches:
Dungeon (4/15)
 Temple: D:4-7

Altars:

Shops:
D:2 ?


Innate Abilities, Weirdness & Mutations

You are a hulking beast.
Your limbs bulge with bestial killing power. (Slay +2)
You are too large for most types of armour.
You have claws for hands.
Your natural rate of healing is unusually fast.
You are covered in fur. (AC +1)
You have tough skin. (AC +1)


Message History

There is a stone staircase leading up here.
There is an open door here.
You see here a bat skeleton.
There is a stone staircase leading up here.
You see here a +0 club.
You now have 111 gold pieces (gained 10).
Done exploring.
Done exploring.
You see here a +0 long sword.
There is a stone staircase leading down here.
You climb downwards.
The ogre shouts! x2
Found 15 gold pieces and a short sword.
There is a stone staircase leading up here.
There are monsters nearby!
There are monsters nearby!
The kobold shouts!
A kobold comes into view. It is wielding a +0 club.
The kobold shouts!
The kobold throws a stone.
The stone hits you but does no damage.
A quokka comes into view.
The ogre closely misses you. x2
You climb upwards.
There is a stone staircase leading down here.
You mangle the ogre!!
The ogre is severely wounded.
You scratch the ogre.
The ogre is almost dead.
The ogre hits you with a +0 giant club! You block the ogre's attack.
You closely miss the ogre.
The ogre is almost dead.
You claw the ogre!
You kill the ogre!
The ogre hits you with a +0 giant spiked club!!
* * * LOW HITPOINT WARNING * * *
You have reached level 5!
You claw the ogre!
The ogre is severely wounded.
The ogre hits you with a +0 giant spiked club!
You die...

#.############# #..†..........#
###### #.##########.## .....#
#.# #.# ####.# #.# #>#
#.#############.##########.#
#.##.................#...#.#
####.##.##########.####.#.#.#.#
...............)h#.####.#.#.#.#
##...##.##.#####O#.#..#.#.#.#.#
#...##.##.......[.#..#.#.#.#.#
#...##.########.###..#.#.#.#.#
#[...........##.# #..#.#.#.#.#
######.#####.##.# #..#.#.#.#.#
#.# #.##.# #..#.#.#.#.# #.#
#.##.# #..#.#.#.#.# #.# #.##.#
#........#.###


You could see an ogre.

Vanquished Creatures
  An ogre (D:3)
  Ijyb (D:3)
  Terence (D:3)
  4 adders
  2 orcs (D:3)
  6 ball pythons
  5 endoplasms
  4 goblins
  3 hobgoblins
  3 quokkas (D:3)
  5 bats
  6 frilled lizards
  3 kobolds (D:1)
  4 rats
48 creatures vanquished.

Notes
Turn   | Place    | Note
-------+----------+-------------------------------------------
     0 | D:1      | gelatine the Troll Shapeshifter began the quest for the
                  | Orb.
     0 | D:1      | Reached XP level 1. HP: 18/18 MP: 0/0
   121 | D:1      | Reached XP level 2. HP: 26/26 MP: 1/1
  1030 | D:2      | Reached XP level 3. HP: 32/32 MP: 2/2
  1568 | D:2      | Found Tygunif's Magic Scroll Shop.
  1576 | D:2      | Bought a scroll of identify for 20 gold pieces
  1576 | D:2      | Bought a scroll of identify for 20 gold pieces
  1576 | D:2      | Bought a scroll of identify for 20 gold pieces
  1866 | D:3      | Reached skill level 4 in Unarmed Combat
  2000 | D:3      | Noticed Terence
  2009 | D:3      | Killed Terence
  2010 | D:3      | Reached skill level 1 in Fighting
  2010 | D:3      | Reached XP level 4. HP: 30/41 MP: 3/3
  2380 | D:3      | Noticed Ijyb
  2387 | D:3      | Paralysed by Ijyb for 3 turns
  2394 | D:3      | Killed Ijyb
  2618 | D:4      | Noticed an ogre
  2618 | D:4      | Noticed an ogre
  2629 | D:3      | Killed an ogre
  2630 | D:3      | Reached XP level 5. HP: 13/48 MP: 4/4
  2630 | D:3      | Slain by an ogre

Illustrated notes

Levels and vault maps discovered:
D:1:      minmay_arrival_stone_box, layout_loops_ring, kennysheep_pointless_box
D:2:      layout_basic, serial_shops,
          nicolae_shop_temple_entry_statues_fountains, kennysheep_nub
D:3:      layout_basic, minmay_three_crescents, uniq_ijyb, uniq_terence
D:4:      layout_cave_pods, hellmonk_no_cap

Skill      XL: |  1  2  3  4 |
---------------+-------------+-----
Unarmed Combat | 4 |  4.8
Fighting       | 1 |  1.6
Dodging        | 2 |  2.2
Stealth        | |  0.3
Shapeshifting  | |  3.9

Action                     |  1- 3 |  4- 6 || total
---------------------------+-------+-------++-------
  Melee: Unarmed           |    76 |    41 ||   117
         Punch             |       |     2 ||     2
    Use: Scroll            |     7 |     1 ||     8
   Stab: Sleeping          |     1 |       ||     1
 Armour: Animal skin       |    46 |    33 ||    79
  Dodge: Dodged            |    32 |    29 ||    61
  Block: Other             |       |     1 ||     1
